 Dungeon Crawl Stone Soup version 0.30-a0-305-g026cb31310 (webtiles) character file.

Game seed: 12834085517566822738

44384 Lanoc the Basher (level 13, -4/113 (121) HPs)
             Began as an Armataur Berserker on Oct 21, 2022.
             Was a High Priest of Trog.
             Slain by an orc warrior
             ... wielding a +0 long sword
              (20 damage)
             ... while paralysed by an orc sorcerer
             ... on level 2 of the Orcish Mines.
             The game lasted 00:31:01 (16466 turns).

Lanoc the Basher (Armataur Berserker)              Turns: 16466, Time: 00:31:02

HP:   -4/113 (121)  AC: 19    Str: 29    XL:     13   Next: 95%
MP:   13/13         EV:  1    Int:  7    God:    Trog [*****.]
Gold: 777           SH:  0    Dex: 15    Spells: 12/12 levels left

rFire   + . .      SeeInvis .    N - +4 morningstar
rCold   . . .      Faith    .    U - +2 kite shield
rNeg    . . .      Spirit   .    s - +1 plate armour {rF+}
rPois   +          Reflect  .    j - +0 helmet
rElec   .          Harm     .    D - +1 cloak {rPois}
rCorr   .          Roll     +    (no gloves)
Will    .....                    (no barding)
Stlth   ..........               B - amulet of regeneration
HPRegen 1.18/turn                M - +4 ring of evasion
MPRegen 0.13/turn                x - +6 ring of strength

@: paralysed, spiked, on berserk cooldown, slowed, drained
A: large, rugged brown scales 3, deformed body, armoured tail, roll, long
tongue, awkward tongue
a: Renounce Religion, Berserk, Trog's Hand, Brothers in Arms


You were on level 2 of the Orcish Mines.
You worshipped Trog.
Trog was extremely pleased with you.
You visited 3 branches of the dungeon, and saw 18 of its levels.
You visited 1 bazaar.

You collected 1671 gold pieces.
You spent 894 gold pieces at shops.

Inventory:

Hand Weapons
 N - a +4 morningstar (weapon)
Missiles
 g - 2 atropa-tipped darts
 w - 2 curare-tipped darts (quivered)
 z - 2 throwing nets
 W - 3 boomerangs of dispersal
Armour
 j - a +0 helmet (worn)
 s - a +1 plate armour of fire resistance (worn)
 D - a +1 cloak of poison resistance (worn)
 J - +0 steam dragon scales
 U - a +2 kite shield (worn)
 V - a scarf of resistance
Jewellery
 e - a ring of resist corrosion
 x - a +6 ring of strength (right hand)
 A - the ring of Royalty {*Slow rElec rPois Int+4 SInv}
   (You took it off a gnoll on level 5 of the Dungeon)

   [ring of poison resistance]

   Int:       It affects your intelligence (+4).
   rElec:     It insulates you from electricity.
   rPois:     It protects you from poison.
   SInv:      It lets you see invisible.
   *Slow:     It may slow you when you take damage.
 B - an amulet of regeneration (around neck)
 G - a ring of positive energy
 M - a +4 ring of evasion (left hand)
Wands
 n - a wand of roots (10)
 C - a wand of charming (30)
 F - a wand of digging (3)
 H - a wand of flame (28)
 R - a wand of polymorph (1)
Scrolls
 f - 3 scrolls of fear {unknown}
 h - 4 scrolls of enchant weapon
 l - 4 scrolls of brand weapon {unknown}
 m - 6 scrolls of butterflies
 q - 9 scrolls of teleportation
 v - 3 scrolls of blinking
 y - a scroll of amnesia
 E - 2 scrolls of enchant armour
 O - 4 scrolls of poison {unknown}
 Q - 2 scrolls of vulnerability
 S - 3 scrolls of immolation
 T - a scroll of summoning
Potions
 a - 4 potions of curing
 b - 3 potions of flight {unknown}
 c - 3 potions of berserk rage {unknown}
 d - 3 potions of mutation {unknown}
 i - a potion of invisibility {unknown}
 k - 2 potions of haste {unknown}
 o - 7 potions of heal wounds
 p - 3 potions of lignification
 r - 5 potions of might
 t - 2 potions of brilliance
 u - a potion of ambrosia
 K - 2 potions of resistance
 P - a potion of cancellation
Miscellaneous
 I - a tin of tremorstones (2/2)
 L - a box of beasts


   Skills:
 + Level 10.6 Fighting
 * Level 14.5 Maces & Flails
 + Level 13.3 Armour
 + Level 8.7 Dodging


You had 12 spell levels left.
You didn't know any spells.
Your spell library was empty.

Dungeon Overview and Level Annotations

Branches:
Dungeon (15/15)            Temple (1/1) D:5            Lair (0/5) D:9
    Orc (2/2) D:9             Elf (0/3) Orc:2        Vaults (0/5) D:13
 Depths (0/4) D:15

Altars:
Ashenzari
Cheibriados
Fedhas
Gozag
Hepliaklqana
Kikubaaqudgha
Makhleb
Nemelex Xobeh
Okawaru
Qazlal
Sif Muna
Uskayaw
Vehumet
Wu Jian
Xom

Shops:
D:4 (   D:8 **?   D:9 =((:=   D:13 (*   Orc:2 *

Portals:
Trove: D:11 (show abyssal rune of Zot)

Annotations:
D:8 2 runed translucent doors
Orc:2 Azrael


Innate Abilities, Weirdness & Mutations

You are completely covered in rugged brown scales. (AC +3, +7% HP)
Armour fits poorly on your strangely shaped body.
You have a long armoured tail.
You roll when moving toward enemies. (Rampage)
Your long tongue fully drains potion bottles. (2x potion effects)
Your tongue gives you trouble enunciating. (1.5x scroll delay)


Message History

The orc hits you but does no damage. Azrael hits you but does no damage.
The orc sorcerer hits you but does no damage.
The orc warrior hits you with a +3 hand axe!
The orc hits you but does no damage.
The red devil hits you from afar with a +0 trident.
Barbed spikes become lodged in your body.
The warg bites you! Azrael hits you but does no damage.
An orc comes into view. It is wielding a +0 club.
The orc hits you but does no damage.
The orc sorcerer points at you and mumbles some strange words.
The bolt of fire hits you. You resist.
The bolt of fire hits Azrael.
Azrael completely resists.
An orc comes into view. It is wielding a +0 dagger.
An orc sorcerer comes into view. It is wielding a +0 dagger.
The orc warrior hits you but does no damage.
The orc warrior hits you from afar with a +0 trident!
The orc warlord roars a battlecry!
You are no longer berserk.
You feel yourself slow down. The warg bites you but does no damage.
The red devil hits you from afar with a +0 trident.
Barbed spikes become lodged in your body.
Azrael hits you but does no damage. The orc hits you but does no damage.
An orc comes into view. It is wielding a +0 mace.
The orc warrior hits you but does no damage.
The orc priest looks satisfied for a moment.
An orc comes into view. It is wielding a +0 whip.
An orc warrior comes into view. It is wielding a +0 trident.
The orc warrior hits you with a +3 hand axe.
The orc sorcerer casts a spell at you. The bolt of negative energy hits you!!
You feel drained.
* * * LOW HITPOINT WARNING * * *
The bolt of negative energy hits Azrael.
Azrael completely resists.
The warg completely misses you.
The sentinel's mark upon you fades away.
The red devil hits you but does no damage.
The warg bites you but does no damage. The orc hits you with a +0 dagger.
* * * LOW HITPOINT WARNING * * *
Azrael hits you but does no damage.
The orc warrior hits you with a +0 long sword!!
You die...

#...............###
##..............#)####
###.#...........)....
###...........)..##
##.##..........#.##
#....O........>..#
##.o.o.o........##
###oo4oo.oo.....#
#.o@hOooo.o...8.+
#..Ro######o.....+
##.#o# #....8. ###o#
.. #o# ..o ... ...


You could see an orc warlord, Azrael (resistant), a warg, 2 orc sorcerers, a red
devil (summoned), 8 orc warriors, 2 ogres, an orc priest (strong) and 8 orcs.

Vanquished Creatures
  A stone giant (D:15)
  2 vault guards (D:13)
  3 centaur warriors
  4 two-headed ogres
  4 boulder beetles
  4 tengu warriors
  6 skeletal warriors
  2 orc knights
  10 ugly things
  2 manticores
  2 deep elf pyromancers
  An orc sorcerer (Orc:2)
  4 cyclopes
  Joseph (D:10)
  2 gargoyles (D:8)
  Maggie (D:7)
  2 komodo dragons (D:9)
  2 guardian mummies (D:11)
  2 efreet
  A freezing wraith (D:15)
  3 meliai (D:15)
  4 trolls
  Grinder (D:4)
  A tarantella (shapeshifter) (D:15)
  8 slime creatures
  2 water elementals
  3 wraiths
  A spriggan (shapeshifter) (D:14)
  4 wyverns
  A vampire (D:9)
  13 yaks
  A shadow (D:10)
  3 basilisks
  3 steam dragons
  9 humans (D:13)
  12 vampire mosquitoes
  Menkaure (D:7)
  An acid dragon (D:9)
  2 wargs (Orc:2)
  2 water moccasins
  The ghost of trm the Conjurer, an amateur OpCj (D:3)
  A hell hound (Orc:2)
  Duvessa (D:7)
  An ice beast (D:5)
  17 orc warriors
  A black bear (D:5)
  4 boggarts (D:12)
  5 ogres
  5 centaurs
  2 phantoms
  Blork the orc (D:6)
  4 kobold brigands
  8 bullfrogs
  6 scorpions
  A necrophage (D:4)
  2 gnoll sergeants
  7 wights
  4 killer bees (D:9)
  Dowan (D:7)
  5 howler monkeys
  5 electric eels (D:12)
  3 jellies
  15 orc priests
  3 hounds
  4 iguanas
  16 orc wizards
  14 gnolls
  9 adders
  A shadow imp (D:6)
  4 white imps
  2 ufetubi
  5 worms
  3 dart slugs
  59 orcs
  7 ball pythons
  11 endoplasms
  2 giant cockroaches
  11 goblins
  7 hobgoblins
  3 jackals (D:2)
  3 quokkas
  6 bats
  4 frilled lizards
  18 kobolds
  9 rats
432 creatures vanquished.

Vanquished Creatures (collateral kills)
  A skeletal warrior (D:14)
  An acid dragon (D:14)
2 creatures vanquished.

Vanquished Creatures (others)
  A vault guard (D:13)
  A boggart (D:12)
  An orc (Orc:2)
  A plant (D:14)
4 creatures vanquished.

Grand Total: 438 creatures vanquished

Notes
Turn   | Place    | Note
-------+----------+-------------------------------------------
     0 | D:1      | Lanoc the Armataur Berserker began the quest for the Orb.
     0 | D:1      | Reached XP level 1. HP: 19/19 MP: 1/1
   117 | D:1      | Reached XP level 2. HP: 26/26 MP: 2/2
   201 | D:1      | Reached skill level 3 in Maces & Flails
   321 | D:1      | You fall into a shaft and drop 1 floor!
   351 | D:2      | Reached XP level 3. HP: 18/33 MP: 3/3
   527 | D:2      | Reached ** piety under Trog
   708 | D:2      | Reached XP level 4. HP: 40/40 MP: 4/4
   789 | D:2      | Found a faded altar of an unknown god.
  1168 | D:3      | Found an ornate altar of the Wu Jian Council.
  1174 | D:3      | Noticed an orc warrior
  1192 | D:3      | Killed an orc warrior
  1193 | D:3      | Reached skill level 4 in Maces & Flails
  1193 | D:3      | Reached XP level 5. HP: 48/48 MP: 5/5
  1541 | D:3      | Found a runed translucent door.
  1542 | D:3      | Noticed trm's ghost (amateur OpCj)
  1651 | D:3      | Found an opulent altar of Gozag.
  1907 | D:3      | Reached *** piety under Trog
  1971 | D:3      | Killed trm's ghost
  1972 | D:3      | Reached XP level 6. HP: 55/55 MP: 6/6
  2133 | D:4      | Identified the +0 leather armour "Irchol Sunud" {Rampage
                  | rF- Will+}
  2204 | D:4      | Found a hazy altar of Hepliaklqana.
  2234 | D:4      | Reached skill level 5 in Maces & Flails
  2270 | D:4      | Reached XP level 7. HP: 57/63 MP: 7/7
  2644 | D:4      | Found Tusyzon's Weapon Shop.
  2645 | D:4      | Noticed Grinder
  2655 | D:4      | Killed Grinder
  2656 | D:4      | Reached skill level 5 in Armour
  2668 | D:4      | Bought 2 curare-tipped darts for 15 gold pieces
  2676 | D:4      | Found a burning altar of Makhleb.
  2676 | D:4      | Noticed a green death
  2679 | D:4      | Noticed a neqoxec
  2679 | D:4      | Noticed an orange demon
  2700 | D:5      | Entered Level 5 of the Dungeon
  2730 | D:5      | Reached skill level 6 in Maces & Flails
  2730 | D:5      | Reached XP level 8. HP: 71/71 MP: 8/8
  3201 | D:5      | Reached skill level 5 in Fighting
  3364 | D:5      | Found a staircase to the Ecumenical Temple.
  3407 | Temple   | Entered the Ecumenical Temple
  3472 | D:5      | Identified the ring of Royalty {*Slow rElec rPois Int+4
                  | SInv}
  3480 | D:5      | Reached **** piety under Trog
  3536 | D:5      | Reached skill level 7 in Maces & Flails
  3612 | D:6      | Found an iron altar of Okawaru.
  3905 | D:6      | Noticed Blork the orc
  3913 | D:6      | Killed Blork the orc
  3914 | D:6      | Reached XP level 9. HP: 79/79 MP: 9/9
  3998 | D:6      | Found a sparkling altar of Nemelex Xobeh.
  4463 | D:7      | Noticed Dowan
  4469 | D:7      | Noticed Duvessa
  4472 | D:7      | Killed Dowan
  4477 | D:7      | Killed Duvessa
  4600 | D:7      | Noticed Menkaure
  4609 | D:7      | Killed Menkaure
  4610 | D:7      | Reached skill level 8 in Maces & Flails
  4895 | D:7      | Noticed Maggie
  4969 | D:7      | Killed Maggie
  5134 | D:8      | Found a large runed translucent door.
  5134 | D:8      | Found a large runed translucent door.
  5134 | D:8      | Noticed a centaur warrior
  5134 | D:8      | Noticed a gargoyle
  5267 | D:8      | Found a large runed translucent door.
  5267 | D:8      | Found a large runed translucent door.
  5339 | D:8      | Noticed a two-headed ogre
  5340 | D:8      | Reached skill level 5 in Dodging
  5346 | D:8      | Killed a two-headed ogre
  5347 | D:8      | Reached skill level 9 in Maces & Flails
  5347 | D:8      | Reached XP level 10. HP: 76/89 MP: 10/10
  5415 | D:8      | Noticed a boulder beetle
  5426 | D:8      | Killed a boulder beetle
  5727 | D:8      | Found Xainan's General Store.
  5901 | D:8      | Found Lownoarr's Assorted Antiques.
  5904 | D:8      | Bought a scroll labelled NUELIL VARUITYUFU for 37 gold
                  | pieces
  5959 | D:8      | Found Untiwkur's Magic Scroll Emporium.
  5993 | D:8      | Bought a scroll of teleportation for 42 gold pieces
  5993 | D:8      | Bought a scroll of blinking for 105 gold pieces
  5993 | D:8      | Bought a scroll of butterflies for 56 gold pieces
  5993 | D:8      | Bought a scroll of butterflies for 56 gold pieces
  5993 | D:8      | Bought a scroll of identify for 28 gold pieces
  5993 | D:8      | Bought a scroll of identify for 28 gold pieces
  5993 | D:8      | Bought a scroll of identify for 28 gold pieces
  6084 | D:8      | Found a large runed translucent door.
  6085 | D:8      | Found a large runed translucent door.
  6142 | D:8      | Noticed a gargoyle
  6159 | D:8      | Killed a gargoyle
  6432 | D:8      | Killed a centaur warrior
  6437 | D:8      | Killed a gargoyle
  6438 | D:8      | Reached skill level 10 in Maces & Flails
  6616 | D:8      | Found an ancient bone altar of Kikubaaqudgha.
  6619 | D:8      | Found a shimmering altar of Xom.
  6648 | D:9      | Found a staircase to the Orcish Mines.
  6661 | D:9      | Found Wog Duphe's Jewellery Boutique.
  7079 | D:9      | Found Lueril's Weapon Emporium.
  7109 | D:9      | Found Feluqac's Jewellery Shop.
  7116 | D:9      | Reached XP level 11. HP: 98/98 MP: 11/11
  7573 | D:9      | Found Diriaj's Book Emporium.
  7574 | D:9      | Found Metionao's Weapon Boutique.
  7749 | D:9      | Found a staircase to the Lair.
  7791 | D:9      | Reached ***** piety under Trog
  7897 | D:10     | Entered Level 10 of the Dungeon
  7995 | D:10     | Reached skill level 10 in Armour
  8024 | D:10     | Noticed Joseph
  8038 | D:10     | Killed Joseph
  8039 | D:10     | Reached skill level 11 in Maces & Flails
  8391 | D:10     | Noticed a two-headed ogre
  8400 | D:10     | Killed a two-headed ogre
  9421 | D:11     | Noticed a boulder beetle
  9440 | D:11     | Killed a boulder beetle
  9440 | D:11     | Received a gift from Trog
  9563 | D:11     | Found a portal to a secret trove of treasure.
  9649 | D:11     | Reached XP level 12. HP: 90/109 MP: 12/12
 10298 | D:12     | Noticed a two-headed ogre
 10305 | D:12     | Killed a two-headed ogre
 10306 | D:12     | Reached skill level 12 in Maces & Flails
 10867 | D:12     | Noticed a two-headed ogre
 11187 | D:12     | Noticed a two-headed ogre
 11194 | D:12     | Killed a two-headed ogre
 11319 | D:12     | Noticed a boulder beetle
 11330 | D:12     | Killed a boulder beetle
 11848 | D:13     | Identified the +0 chain mail of Ignis's Pride {rPois Regen+
                  | Int-5}
 11851 | D:13     | Found Lybeisiu's Assorted Antiques.
 11891 | D:13     | Bought a potion of heal wounds for 210 gold pieces
 11891 | D:13     | Bought a scroll labelled JAIHYT TAGA for 42 gold pieces
 11891 | D:13     | Bought a scroll labelled RUFUQU ZOTWOUF for 42 gold pieces
 11891 | D:13     | Bought a red potion for 37 gold pieces
 12065 | D:13     | Noticed a vault guard
 12065 | D:13     | Noticed a vault guard
 12087 | D:13     | Killed a vault guard
 12096 | D:13     | Killed a vault guard
 12104 | D:13     | Killed a vault guard
 12446 | D:13     | Found a gate to the Vaults.
 12634 | D:13     | Found Xepeumni's Antique Weapon Shoppe.
 12693 | D:13     | Reached skill level 13 in Maces & Flails
 13039 | D:13     | Noticed a boulder beetle
 13049 | D:13     | Killed a boulder beetle
 13050 | D:13     | Reached XP level 13. HP: 119/119 MP: 13/13
 13645 | D:14     | Found a flickering gateway to a bazaar.
 13709 | Bazaar   | Entered a bazaar
 13870 | Bazaar   | Found Natiecro's Armour Emporium.
 13870 | Bazaar   | Found Heut's Magic Scroll Shoppe.
 13892 | Bazaar   | Found Ubaihihe's General Store.
 13892 | Bazaar   | Found Oliqohu's Jewellery Shoppe.
 13984 | Bazaar   | Bought a scroll of teleportation for 36 gold pieces
 14010 | Bazaar   | Bought a scroll of teleportation for 33 gold pieces
 14010 | Bazaar   | Bought a scroll of teleportation for 33 gold pieces
 14010 | Bazaar   | Bought a scroll of identify for 22 gold pieces
 14010 | Bazaar   | Bought a scroll of identify for 22 gold pieces
 14010 | Bazaar   | Bought a scroll of identify for 22 gold pieces
 14110 | D:14     | Reached skill level 10 in Fighting
 14619 | D:15     | Entered Level 15 of the Dungeon
 14770 | D:15     | Reached skill level 14 in Maces & Flails
 15038 | D:15     | Found a staircase to the Depths.
 15038 | D:15     | Noticed a stone giant
 15048 | D:15     | Killed a stone giant
 15215 | D:15     | Found a stormy altar of Qazlal.
 15724 | Orc:1    | Entered Level 1 of the Orcish Mines
 16005 | Orc:2    | Entered Level 2 of the Orcish Mines
 16266 | Orc:2    | Found a staircase to the Elven Halls.
 16394 | Orc:2    | Found Hiwips's General Store.
 16453 | Orc:2    | Noticed Azrael
 16454 | Orc:2    | Noticed an orc warlord
 16461 | Orc:2    | Paralysed by an orc sorcerer for 5 turns
 16466 | Orc:2    | Slain by an orc warrior

Illustrated notes

Levels and vault maps discovered:
D:1:      onia_arrival_mini_maze_b, layout_basic, kennysheep_boxes
D:2:      layout_basic, basic_ecumenical_altar, dreamdust_princess_corridor,
          minmay_crystal_water, minmay_misc_feat_diagonals, glass_columns_a,
          dk_vineyard_3, minmay_misc_feat_encased, minmay_misc_feat_x,
          grunt_ministairs_10
D:3:      layout_loops_ring, marbit_many_paths,
          mainiacjoe_overflow_tiny_flanked, hellmonk_ghost_happy_afterlife
D:4:      layout_cave_pools, kennysheep_mini_moat, makhleb_altar_promises_db,
          serial_shops, nicolae_shop_bloodbath_and_beyond, grunt_ministairs_8,
          uniq_grinder
D:5:      layout_basic, temple_pool_b, hangedman_decor_clover_reticule,
          corexii_item_surrounded_by_moat, grunt_tough_drop
D:6:      layout_loops_cross, okawaru_gym_becter,
          mainiacjoe_overflow_concentric_impassable, uniq_blork_the_orc
D:7:      layout_rooms, uniq_maggie, uniq_menkaure, uniq_duvessa
D:8:      layout_loops_ring, jmf_multi_god_temple2, serial_shops,
          nicolae_shop_behind_doors, nicolae_lakefront_shop, kennysheep_mini,
          minmay_hollow_rounded_squares
D:9:      layout_roguey, erik_lair_dragon, orc_0_dummy, serial_shops,
          nicolae_shop_advertising_works [nicolae_subvault_shop_adworks],
          nicolae_shop_trees, nicolae_shop_statue_plus, shop,
          nicolae_shop_crystal, minmay_puff
D:10:     layout_cave_pools, uniq_joseph
D:11:     layout_cave_pods, nicolae_trove_entry_path_of_doom
D:12:     layout_basic, nzn_sisyphean_effort
D:13:     layout_loops_corners, ximxim_vaults_locker_room, serial_shops,
          shop_statue, nicolae_lakefront_shop
D:14:     layout_long_grid, serial_shops, bzr_entry_customers,
          serial_bayou_shore_b
D:15:     grunt_enter_depths_snipers, layout_loops_ring, glass_columns_a,
          nicolae_qazlal_eye_of_the_storm
Temple:   nicolae_temple_two_arcs
Orc:1:    layout_caves
Orc:2:    grunt_orc_community_town_hall, layout_diamond_mine,
          grunt_orc_community_big_house_2, grunt_orc_community_big_house_1,
          grunt_orc_community_house_3, grunt_orc_community_house_2,
          grunt_orc_community_house_1, grunt_orc_community_house_1, basic_altar,
          uniq_azrael

Skill      XL: |  1  2  3  4  5  6  7  8  9 10 11 12 13 |
---------------+----------------------------------------+-----
Maces & Flails | 3 4 5 6 7 9 10 11 13 14 | 14.5
Fighting       | 3 4 5 6 7 8 9 10 | 10.6
Armour         | 3 4 5 6 8 9 10 12 13 | 13.3
Dodging        | 2 3 4 5 6 7 8 |  8.7

Action                   |  1- 3 |  4- 6 |  7- 9 | 10-12 | 13-15 || total
-------------------------+-------+-------+-------+-------+-------++-------
Melee: Mace              |    98 |   166 |   395 |   167 |       ||   826
       Tailslap          |     7 |     8 |    56 |   111 |    62 ||   244
       Punch             |     2 |       |     5 |     2 |       ||     9
       Morningstar       |       |       |       |   462 |   363 ||   825
Invok: Berserk           |       |     2 |    11 |    18 |    13 ||    44
       Trog's Hand       |       |       |       |       |     2 ||     2
       Brothers in Arms  |       |       |       |       |     1 ||     1
Evoke: Wand              |       |       |       |     1 |       ||     1
  Use: Scroll            |       |       |       |    13 |     6 ||    19
       Potion            |       |       |       |       |     2 ||     2
 Stab: Sleeping          |       |     2 |       |     2 |       ||     4
       Distracted        |       |       |     1 |     1 |       ||     2
Armor: Animal skin       |    46 |    98 |   212 |       |       ||   356
       Steam dragon scal |       |       |    28 |    40 |       ||    68
       Plate armour      |       |       |       |   290 |   160 ||   450
Dodge: Dodged            |    45 |    91 |   249 |   350 |   136 ||   871
Block: Kite shield       |       |       |       |    29 |   142 ||   171

Table legend: (Time is in decaauts)
 A = Elapsed time spent in this place.
 B = Non-inter-level travel time spent in this place.
 C = Inter-level travel time spent in this place.
 D = Time resting spent in this place.
 E = Time spent auto-exploring this place.
 F = Levels seen in this place.
 G = Mean time per level.
                   A        B        C        D        E       F      G
               +--------+--------+--------+--------+--------+-----+--------+
         Total |  16791 |  16107 |    684 |    472 |  12286 |  19 |  883.7 |
       Dungeon |  15690 |  15019 |    671 |    472 |  11571 |  15 | 1046.0 |
        Temple |      1 |      1 |      0 |      0 |      0 |   1 |    1.0 |
  Orcish Mines |    736 |    724 |     12 |      0 |    483 |   2 |  368.0 |
        Bazaar |    362 |    362 |      0 |      0 |    231 |   1 |  362.0 |
               +--------+--------+--------+--------+--------+-----+--------+

Top non-repeatable levels by time:
    D:12: 1813 daAuts
    D:13: 1699 daAuts
     D:8: 1553 daAuts
    D:11: 1501 daAuts
     D:9: 1304 daAuts
    D:15: 975 daAuts
     D:3: 883 daAuts
     D:2: 855 daAuts
     D:6: 842 daAuts
    D:14: 831 daAuts
     D:4: 828 daAuts
     D:5: 796 daAuts
     D:7: 744 daAuts
    D:10: 724 daAuts
   Orc:2: 454 daAuts
